 Dungeon Crawl Stone Soup version 0.30-a0-1075-gcd70e7a56d (webtiles) character file.

Game seed: 5789021010360922131

400 jimonade the Grasshopper (level 6, -5/51 HPs)
             Began as a Gnoll Warper on Apr 15, 2023.
             Was a Follower of Cheibriados.
             Slain by Duvessa
             ... wielding a +0 rapier
              (9 damage)
             ... on level 4 of the Dungeon.
             The game lasted 00:09:42 (3439 turns).

jimonade the Grasshopper (Gnoll Warper)             Turns: 3439, Time: 00:09:42

Health: -5/51      AC:  5    Str: 12    XL:     6   Next: 84%
Magic:  14/14      EV: 18    Int: 15    God:    Cheibriados [*.....]
Gold:   257        SH:  4    Dex: 15    Spells: 12/16 levels left

rFire   . . .      SeeInvis .    a - +0 long sword
rCold   . . .      Faith    .    K - +0 buckler
rNeg    . . .      Spirit   .    D - +0 leather armour
rPois   .          Reflect  .    r - +0 helmet
rElec   .          Rampage  .    (no cloak)
rCorr   .                        u - +0 pair of gloves
Will    .....                    (no boots)
Stlth   ++                       x - amulet of regeneration
HPRegen 1.08/turn                m - +5 ring of evasion
MPRegen 0.14/turn                (no ring)

@: very slow
A: fangs 1, strong nose, distributed training
a: Renounce Religion, Bend Time


You were on level 4 of the Dungeon.
You worshipped Cheibriados.
Cheibriados was aware of your devotion.
You visited 1 branch of the dungeon, and saw 5 of its levels.

You collected 257 gold pieces.

Inventory:

Hand Weapons
 a - a +0 long sword (weapon)
 b - a +0 sling
 h - a +0 falchion
 o - a +0 long sword
 t - a +1 short sword of holy wrath
 E - a +0 whip of electrocution
 M - a +2 falchion of flaming
 N - a +0 shortbow
 O - a +2 vampiric halberd
Missiles
 d - 7 boomerangs of dispersal (quivered)
 f - 16 poisoned darts
 j - 23 stones
 A - 2 atropa-tipped darts
 C - 5 javelins
 G - 4 silver javelins
Armour
 r - a +0 helmet (worn)
 u - a +0 pair of gloves (worn)
 D - a +0 leather armour (worn)
 K - a +0 buckler (worn)
Jewellery
 m - a +5 ring of evasion (left hand)
 x - an amulet of regeneration (around neck)
 B - an amulet of the acrobat
Wands
 y - a wand of flame (11)
Scrolls
 c - a scroll of blinking
 i - 2 scrolls of enchant weapon {unknown}
 l - 7 scrolls of magic mapping {unknown}
 n - a scroll of poison {unknown}
 p - 5 scrolls of noise {unknown}
 s - a scroll of fog {unknown}
 v - a scroll of immolation {unknown}
 w - a scroll of amnesia {unknown}
 z - a scroll of silence {unknown}
 I - 2 scrolls of teleportation {unknown}
 J - a scroll of identify {unknown}
 L - a scroll of fear {unknown}
Potions
 e - 2 potions of degeneration {unknown}
 g - a potion of heal wounds {unknown}
 k - a potion of lignification {unknown}
 q - 2 potions of ambrosia {unknown}
 F - a potion of brilliance {unknown}
 H - a potion of resistance {unknown}


   Skills:
 + Level 5.1 Fighting
 + Level 2.2 Short Blades
 + Level 5.1 Long Blades
 + Level 2.2 Axes
 + Level 2.2 Maces & Flails
 + Level 2.2 Polearms
 + Level 2.2 Staves
 + Level 2.2 Ranged Weapons
 + Level 3.4 Throwing
 + Level 3.4 Armour
 + Level 5.1 Dodging
 + Level 2.2 Stealth
 + Level 2.2 Shields
 + Level 2.2 Unarmed Combat
 + Level 5.5 Spellcasting
 + Level 1.8 Conjurations
 + Level 1.8 Hexes
 + Level 1.8 Summonings
 + Level 1.8 Necromancy
 + Level 5.7 Translocations
 + Level 1.8 Transmutations
 + Level 1.8 Fire Magic
 + Level 1.8 Ice Magic
 + Level 1.8 Air Magic
 + Level 1.8 Earth Magic
 + Level 1.8 Poison Magic
 + Level 2.4 Invocations
 + Level 2.2 Evocations


You had 12 spell levels left.
You knew the following spells:

 Your Spells              Type           Power      Damage    Failure   Level
a - Blink                 Tloc           42%        N/A       3%          2
b - Lesser Beckoning      Tloc           42%        N/A       3%          2

Your spell library contained the following spells:

 Spells                   Type           Power      Damage    Failure   Level
 Teleport Other           Tloc           21%        N/A       8%          3
 Vhi's Electric Charge    Tloc/Air       30%        N/A       17%         3
 Ensorcelled Hibernation  Hex/Ice        18%        N/A       19%         2
 Passwall                 Tmut/Erth      7%         N/A       19%         2
 Manifold Assault         Tloc           21%        N/A       24%         4
 Swiftness                Air            9%         N/A       36%         3


Dungeon Overview and Level Annotations

Branches:
Dungeon (5/15)
 Temple: D:4-7

Altars:
Cheibriados
Hepliaklqana
Qazlal
Sif Muna
Trog
Yredelemnul
Zin

Annotations:
D:4 Dowan, Duvessa
D:5 Blork the orc


Innate Abilities, Weirdness & Mutations

You have very sharp teeth.
Your uncanny sense of smell can sniff out nearby items.
Your experience applies equally to all skills.


Message History

You barely miss Duvessa.
You feel sick. Duvessa closely misses you.
You hit Duvessa but do no damage.
You feel sick. You block Duvessa's attack.
You hit Duvessa.
Duvessa is lightly wounded.
You feel sick. Duvessa closely misses you.
You hit Duvessa but do no damage.
Duvessa is lightly wounded.
You feel sick. Duvessa hits you with a +0 rapier.
Dowan casts a spell at Duvessa.
Duvessa seems to speed up.
Duvessa hits you with a +0 rapier!
* * * LOW HITPOINT WARNING * * *
You hit Duvessa.
Duvessa is moderately wounded.
You feel sick. Duvessa barely misses you.
You hit Duvessa. You bite Duvessa, but do no damage.
Duvessa is heavily wounded.
You feel sick. Duvessa hits you with a +0 rapier.
* * * LOW HITPOINT WARNING * * *
Duvessa closely misses you.
You hit Duvessa but do no damage.
Duvessa is heavily wounded.
You feel sick. You block Duvessa's attack. Duvessa closely misses you.
You barely miss Duvessa.
Duvessa is heavily wounded.
You feel sick. Duvessa hits you with a +0 rapier!
* * * LOW HITPOINT WARNING * * *
Duvessa barely misses you.
You hit Duvessa but do no damage.
Duvessa is heavily wounded.
You feel sick. Duvessa misses you. Duvessa hits you with a +0 rapier.
* * * LOW HITPOINT WARNING * * *
You hit Duvessa. You bite Duvessa, but do no damage.
Duvessa is heavily wounded.
Duvessa barely misses you.
You hit Duvessa but do no damage.
Duvessa is heavily wounded.
You feel sick.
You are no longer poisoned.
Duvessa hits you with a +0 rapier!
You die...

)....# #......# ..<..#
#......# .....#
#......# .....#
#......# .....#
######.### .....#
#...# ##...# #..e#
###.# #########e#
##'###.....# #@#
#)...#.###.###.#
#............#.#
#....##.##.#.#.#
#....##.#..#.#.#
#....##.#.##.#.#
#....##.#....#.#####
#....##.######.....#
#....##......#####.###


You could see Duvessa (fast) and Dowan.

Vanquished Creatures
  A centaur (D:4)
  An orc priest (D:3)
  A gnoll bouda (D:4)
  A hound (D:3)
  3 iguanas
  7 gnolls
  3 adders
  A dart slug (D:2)
  2 orcs (D:3)
  6 bats
  An endoplasm (D:1)
  4 giant cockroaches
  5 goblins
  4 hobgoblins
  4 jackals (D:4)
  6 kobolds
  4 quokkas
  3 ball pythons
  5 frilled lizards
  A rat (D:2)
63 creatures vanquished.

Notes
Turn   | Place    | Note
-------+----------+-------------------------------------------
     0 | D:1      | jimonade the Gnoll Warper began the quest for the Orb.
     0 | D:1      | Reached XP level 1. HP: 20/20 MP: 6/6
   137 | D:1      | Reached XP level 2. HP: 26/26 MP: 7/7
   951 | D:2      | Found a hazy altar of Hepliaklqana.
  1077 | D:2      | Reached skill level 5 in Spellcasting
  1077 | D:2      | Reached XP level 3. HP: 31/31 MP: 7/9
  1467 | D:2      | Reached skill level 1 in Invocations
  1508 | D:2      | Found a faded altar of an unknown god.
  1798 | D:2      | Learned a level 2 spell: Blink
  1801 | D:2      | Learned a level 2 spell: Lesser Beckoning
  1851 | D:2      | Reached skill level 1 in Short Blades
  1851 | D:2      | Reached skill level 1 in Axes
  1851 | D:2      | Reached skill level 1 in Maces & Flails
  1851 | D:2      | Reached skill level 1 in Polearms
  1851 | D:2      | Reached skill level 1 in Staves
  1851 | D:2      | Reached skill level 1 in Ranged Weapons
  1851 | D:2      | Reached skill level 1 in Stealth
  1851 | D:2      | Reached skill level 1 in Shields
  1851 | D:2      | Reached skill level 1 in Unarmed Combat
  1851 | D:2      | Reached skill level 1 in Evocations
  1851 | D:2      | Reached XP level 4. HP: 28/38 MP: 11/11
  1889 | D:3      | Found a shimmering blue altar of Sif Muna.
  2192 | D:3      | Found a stormy altar of Qazlal.
  2264 | D:3      | Found a basalt altar of Yredelemnul.
  2292 | D:3      | Found a snail-covered altar of Cheibriados.
  2372 | D:3      | Became a worshipper of Cheibriados the Contemplative
  2550 | D:3      | Reached skill level 1 in Conjurations
  2550 | D:3      | Reached skill level 1 in Hexes
  2550 | D:3      | Reached skill level 1 in Summonings
  2550 | D:3      | Reached skill level 1 in Necromancy
  2550 | D:3      | Reached skill level 1 in Transmutations
  2550 | D:3      | Reached skill level 1 in Fire Magic
  2550 | D:3      | Reached skill level 1 in Ice Magic
  2550 | D:3      | Reached skill level 1 in Air Magic
  2550 | D:3      | Reached skill level 1 in Earth Magic
  2550 | D:3      | Reached skill level 1 in Poison Magic
  2555 | D:3      | Reached XP level 5. HP: 39/43 MP: 12/12
  2756 | D:4      | Found a glowing silver altar of Zin.
  2760 | D:4      | Found a bloodstained altar of Trog.
  3107 | D:4      | Reached XP level 6. HP: 49/50 MP: 14/14
  3113 | D:4      | Reached skill level 5 in Fighting
  3113 | D:4      | Reached skill level 5 in Long Blades
  3113 | D:4      | Reached skill level 5 in Dodging
  3187 | D:5      | Entered Level 5 of the Dungeon
  3227 | D:4      | Reached * piety under Cheibriados
  3256 | D:5      | Noticed Duvessa
  3256 | D:5      | Noticed Dowan
  3256 | D:5      | Noticed Blork the orc
  3439 | D:4      | Slain by Duvessa

Illustrated notes

Levels and vault maps discovered:
D:1:      sevenhm_arrival_forest_fort_large_2, layout_loops_ring
D:2:      layout_loops_corners, basic_altar, ebering_ecumenical_altar_abandoned
D:3:      layout_rooms, mainiacjoe_overflow_surrounded_room,
          mainiacjoe_overflow_alcove_1,
          mainiacjoe_overflow_concentric_impassable,
          nicolae_qazlal_eye_of_the_storm, serial_corexii_hall,
          chequers_hall_statues_y, corexii_hall_statues_t
D:4:      layout_basic, lemuel_crystal_altar, lemuel_crystal_altar
D:5:      layout_rooms, uniq_duvessa, uniq_blork_the_orc

Skill      XL: |  1  2  3  4  5  6 |
---------------+-------------------+-----
Spellcasting   | 5 |  5.5
Invocations    | 1 2 |  2.4
Short Blades   | 1 2 |  2.2
Axes           | 1 2 |  2.2
Maces & Flails | 1 2 |  2.2
Polearms       | 1 2 |  2.2
Staves         | 1 2 |  2.2
Ranged Weapons | 1 2 |  2.2
Stealth        | 1 2 |  2.2
Shields        | 1 2 |  2.2
Unarmed Combat | 1 2 |  2.2
Evocations     | 1 2 |  2.2
Conjurations   | 1 |  1.8
Hexes          | 1 |  1.8
Summonings     | 1 |  1.8
Necromancy     | 1 |  1.8
Transmutations | 1 |  1.8
Fire Magic     | 1 |  1.8
Ice Magic      | 1 |  1.8
Air Magic      | 1 |  1.8
Earth Magic    | 1 |  1.8
Poison Magic   | 1 |  1.8
Throwing       | 3 |  3.4
Armour         | 3 |  3.4
Fighting       | 5 |  5.1
Long Blades    | 5 |  5.1
Dodging        | 5 |  5.1
Translocations | |  5.7

Action                     |  1- 3 |  4- 6 || total
---------------------------+-------+-------++-------
  Melee: Falchion          |    10 |       ||    10
         Long sword        |    81 |   158 ||   239
         Bite              |     6 |    21 ||    27
         Punch             |     2 |     1 ||     3
   Cast: Lesser Beckoning  |       |     2 ||     2
   Stab: Sleeping          |     2 |     1 ||     3
 Armour: Leather armour    |    35 |    22 ||    57
  Dodge: Dodged            |    86 |   158 ||   244
  Block: Buckler           |       |    18 ||    18

Table legend: (Time is in decaauts)
 A = Elapsed time spent in this place.
 B = Non-inter-level travel time spent in this place.
 C = Inter-level travel time spent in this place.
 D = Time resting spent in this place.
 E = Time spent auto-exploring this place.
 F = Levels seen in this place.
 G = Mean time per level.
                   A        B        C        D        E       F      G
               +--------+--------+--------+--------+--------+-----+--------+
         Total |   3712 |   3397 |    315 |    180 |   2409 |   5 |  742.4 |
       Dungeon |   3712 |   3397 |    315 |    180 |   2409 |   5 |  742.4 |
               +--------+--------+--------+--------+--------+-----+--------+

Top non-repeatable levels by time:
     D:2: 1075 daAuts
     D:3: 862 daAuts
     D:1: 811 daAuts
     D:4: 801 daAuts
     D:5: 161 daAuts
